 Dungeon Crawl Stone Soup version 0.22-a0-305-gd21a89c (webtiles) character file.

148 xccam the Chopper (level 5, -5/41 HPs)
             Began as a Formicid Fighter on Mar 31, 2018.
             Slain by an ice beast (11 damage)
             ... on level 3 of the Dungeon.
             The game lasted 00:04:30 (1626 turns).

xccam the Chopper (Formicid Fighter)                Turns: 1626, Time: 00:04:31

Health: -5/41      AC:  6    Str: 22    XL:     5   Next: 56%
Magic:  5/5        EV:  8    Int:  7    God:
Gold:   48         SH:  9    Dex: 10    Spells: 4/4 levels left

rFire    . . .     SeeInvis +   a - +0 war axe
rCold    . . .     Gourm    .   c - +0 shield
rNeg     . . .     Faith    .   b - +0 scale mail
rPois    .         Spirit   .   (helmet unavailable)
rElec    .         Reflect  .   (no cloak)
rCorr    .         Harm     .   (no gloves)
MR       .....                  (no boots)
Stlth    ..........             (no amulet)
HPRegen  0.13/turn              (no ring)
MPRegen  0.09/turn              (no ring)

@: lethally poisoned (-5 -> -8)
A: permanent stasis, dig shafts and tunnels, four strong arms, antennae 3
a: Dig, Shaft Self


You were on level 3 of the Dungeon.
You were not hungry.

You visited 1 branch of the dungeon, and saw 3 of its levels.

You collected 48 gold pieces.

Inventory:

Hand Weapons
 a - a +0 war axe (weapon)
Armour
 b - a +0 scale mail (worn)
 c - a +0 shield (worn)
Scrolls
 g - a scroll of immolation
 h - 2 scrolls of identify
 k - a scroll of enchant armour {unknown}
 n - a scroll of teleportation {unknown}
Potions
 d - 2 potions of might
 e - a potion of agility {unknown}
 j - a potion of flight {unknown}
 l - a potion of cancellation {unknown}
 m - a potion of lignification {unknown}
Comestibles
 f - 3 rations


   Skills:
 - Level 3.2 Fighting
 + Level 5.3 Axes
 - Level 3.2 Armour
 - Level 3.6 Shields


You had 4 spell levels left.
You didn't know any spells.

Dungeon Overview and Level Annotations

Branches:
Dungeon (3/15)

Altars:
Fedhas
Kikubaaqudgha
Qazlal
Trog
Vehumet
Wu Jian
The Shining One


Innate Abilities, Weirdness & Mutations

You cannot be hasted, slowed, berserked, paralysed or teleported.
You can dig through walls and to a lower floor.
Your four strong arms can wield two-handed weapons with a shield.
You have a pair of large antennae on your head. (SInv)


Message History

You block the adder's attack.
You barely miss the adder.
The adder is almost dead.
You hit the ice beast.
You feel sick. The adder bites you but does no damage. The ice beast hits you.
The ice beast freezes you!
You barely miss the adder.
The adder is almost dead.
You hit the goblin. You closely miss the ice beast.
The adder barely misses you. The goblin hits you but does no damage.
The ice beast closely misses you. The adder barely misses you.
The goblin hits you but does no damage.
You slash the adder!
You kill the adder!
You closely miss the goblin. You slash the ice beast!
You feel sick. The ice beast hits you. The ice beast freezes you!
* * * LOW HITPOINT WARNING * * *
The goblin barely misses you. The ice beast hits you.
* * * LOW HITPOINT WARNING * * *
The ice beast freezes you!
You die...

###.###.####......#
....# #.#..†......#
##### #.....#.)##.#
{ ....#
###.#.##†##.# .
..#.#
#.#.##).#.###.{#
....#
#.#.....#......#
....#
#.#####...####
..#.. ..# ##g....#
..... ... #@.##.#
..### ##. #†Y# #
..# . #.## ..# #..
#.# ... .# ....
.... ......


You could see an ice beast and a goblin.

Vanquished Creatures
  A worker ant (D:2)
  A worker ant zombie (D:2)
  3 adders
  2 oozes
  A worm (D:2)
  5 dart slugs
  A leopard gecko (D:2)
  2 orcs (D:3)
  3 ball pythons (D:3)
  4 giant cockroaches
  9 goblins
  7 hobgoblins
  8 kobolds
  12 bats
  4 rats
63 creatures vanquished.

Notes
Turn   | Place    | Note
-------+----------+-------------------------------------------
     0 | D:1      | xccam the Formicid Fighter began the quest for the Orb.
     0 | D:1      | Reached XP level 1. HP: 18/18 MP: 1/1
    79 | D:1      | Reached XP level 2. HP: 21/24 MP: 2/2
    97 | D:1      | Reached skill level 3 in Axes
   295 | D:1      | Reached XP level 3. HP: 29/29 MP: 3/3
   374 | D:1      | Found an ancient bone altar of Kikubaaqudgha.
   647 | D:2      | Reached skill level 4 in Axes
   647 | D:2      | Reached XP level 4. HP: 28/35 MP: 4/4
   660 | D:2      | Found a glowing golden altar of the Shining One.
   808 | D:2      | Found a bloodstained altar of Trog.
   863 | D:2      | Found a radiant altar of Vehumet.
   966 | D:2      | Found a stormy altar of Qazlal.
   968 | D:2      | Found an ornate altar of the Wu Jian Council.
  1260 | D:2      | Reached XP level 5. HP: 37/41 MP: 5/5
  1380 | D:2      | Reached skill level 5 in Axes
  1525 | D:3      | Found a blossoming altar of Fedhas.
  1620 | D:3      | Noticed an ice beast
  1626 | D:3      | Slain by an ice beast

Vault maps used:
D:1:      evilmike_arrival_crescent, kennysheep_flooded_box
D:2:      minmay_wonky_spiral, marbit_many_paths, tso_metal_star,
          nicolae_overflow_hidden_temple
D:3:      lemuel_coloured_pillars_altar

Skill      XL: |  1  2  3  4  5 |
---------------+----------------+-----
Axes           | 3 4 5 |  5.3
Fighting       | |  3.2
Armour         | |  3.2
Shields        | |  3.6

Action                   |  1- 3 |  4- 6 || total
-------------------------+-------+-------++-------
Melee: War axe           |    66 |   123 ||   189
  Use: Scroll            |       |     3 ||     3
  Eat: Chunk             |       |     3 ||     3
Armor: Scale mail        |    36 |    46 ||    82
Dodge: Dodged            |    32 |    58 ||    90
Block: Shield            |    40 |    55 ||    95

Table legend:
 A = Spawn XP
 B = Non-spawn XP
 C = Spawn XP percentage of total XP
 D = Spawn monster count
 E = Non-spawn monster count
 F = Spawn count percentage of total count
 G = Total turns spent on level
                    A         B        C        D         E        F      G
               +---------+---------+-------+---------+---------+-------+---------
         Total |       0 |     212 |   0.0 |       0 |      63 |   0.0 |  1626
               +---------+---------+-------+---------+---------+-------+---------
           D:1 |       0 |      51 |   0.0 |       0 |      24 |   0.0 |   610
           D:2 |       0 |     112 |   0.0 |       0 |      25 |   0.0 |   861
           D:3 |       0 |      49 |   0.0 |       0 |      14 |   0.0 |   155
               +---------+---------+-------+---------+---------+-------+---------
